Map: Whispers of Gold

Players

Nastynaz - Winner!

  • Race: Protoss Protoss
  • League: Silver
  • Spawn Location: 5:00

iPlayDefense

  • Race: Terran Terran
  • League: Silver
  • Spawn Location: 9:00

VOD

Have the link to the VOD?

Description

Time

  • Played on: April 13, 2025, 10:46 a.m.
  • Length: 4:58
Show
View Real Time Build Order
Export as new Build Order

Nastynaz Protoss - Winner!

Build Orders:  

Get SALT Encoding   

  12  0:09  Pylon  
  12  0:13  Probe  
  13  0:30  Gateway  
  13  0:34  Probe  
  14  0:47  Probe  
  15  1:05  Pylon  
  15  1:07  Probe  
  16  1:14  Assimilator  
  16  1:15  Assimilator  
  16  1:19  Cybernetics Core  
  16  1:23  Probe  
  17  1:31  Gateway  
  17  1:45  Warp Gate  
  17  1:50  Probe  
  17  1:52  Stalker  
  18  2:00  Shield Battery  
  18  2:07  Stalker  
  20  2:13  Probe  
  23  2:24  Stalker  
  25  2:34  Probe  
  26  2:40  Stalker  
  28  2:59  Probe  
  29  3:06  Pylon  
  29  3:09  Gateway  
  29  3:23  Gateway  
  29  3:25  Probe  
  30  3:35  Stalker  
  32  3:45  Stalker  
  34  3:53  Pylon  
  34  4:05  Zealot  
  34  4:07  Stalker  
  36  4:25  Stalker  
  36  4:26  Zealot  
  36  4:31  Zealot  
Show
View Real Time Build Order
Export as new Build Order

iPlayDefense Terran 

Build Orders:  

Get SALT Encoding   

  12  0:00  SCV  
  13  0:12  SCV  
  14  0:20  Supply Depot  
  14  0:25  Refinery  
  14  0:30  SCV  
  15  0:44  Barracks  
  15  0:57  Supply Depot  
  15  1:31  Orbital Command  
  15  1:32  Barracks Reactor  
  15  1:57  SCV  
  16  2:09  SCV, Marine x2, Factory  
  19  2:21  SCV  
  20  2:33  SCV  
  21  2:41  Command Center  
  21  2:45  SCV  
  22  2:58  Bunker  
  22  3:00  Marine x2  
  22  3:03  Factory Tech Lab  
  24  3:18  Marine x2  
  24  3:19  Supply Depot  
  26  3:25  SCV  
  27  3:35  Refinery  
  27  3:36  Marine x2  
  27  3:37  SCV  
  30  3:41  Siege Tank  
  33  3:49  SCV  
  33  3:53  Supply Depot  
  28  4:29  Marine x2  
  30  4:44  Command Center  
  30  4:50  Bunker  
Tags
 
Matchup
PvT
Replay Pack
DaveSC2
Spawn Locations
Cross Positions
Add a new tag
Caveats
  • Supply blocks, unpowered buildings, or Contaminate may cause inaccurate times.
  • Supply counts are checked every 10 seconds.